AoeStats
← Naranja

Black Forest

508184236Analyzed
4v4 RM · 12d ago on Sep 21, 2026· 17m 52s· 8 players
Game mode
Random Map
Map size
Large (8 player)
Population
200
Speed
Normal
Resources
Standard
Victory
Conquest
Starting age
Dark Age
Ending age
Imperial Age
RankedLock teamsTeams togetherTeam positionsShared explorationLock speedFull tech treeHidden civsTurbo modeCheats
Victory
Defeat
🇫🇷 Franks · France
668
+18
🇪🇸 Khmer · Spain
652
+18
🇧🇾 Vikings · Belarus
645
+19
🇹🇷 Britons · Türkiye
617
+20
🇺🇸 Muisca · United States
781
-22
🇹🇷 Magyars · Türkiye
781
-22
🇦🇺 Burgundians · Australia
652
-17
🇫🇷 Persians · France
588
-14
Maga92
0:56 Loom
14:42 Feudal Age
15:20 Horse Collar
netboks
0:55 Loom
16:52 Feudal Age
17:13 Man-at-Arms
Wolf4848
14:16 Feudal Age
15:36 Wheelbarrow
14:45 Horse Collar
14:57 Double-Bit Axe
Naranja
18:04 Feudal Age
The HypnoToad
4:40 Loom
zivrisinek
0:38 Loom
anthony008
0:30 Loom
14:53 Feudal Age
16:07 Wheelbarrow
15:43 Town Watch
16:08 Horse Collar
MachTerran
11:32 Double-Bit Axe
11:45 Loom
12:08 Horse Collar
16:28 Feudal Age
15:30 Stone Mining
Connection lost

Rejoining the realm…

Still unreachable

The connection could not be restored.

Session expired

The server has moved on; the page needs a fresh start.